 Dungeon Crawl Stone Soup version 0.24.0-123-gd5b16e6ec5 (webtiles) character file.

Game seed: 17850605800480217446, levelgen mode: deterministic

19742 seriously the Spear-Bearer (level 12, -3/126 HPs)
             Began as a Merfolk Gladiator on Jan 23, 2020.
             Was a Priest of Hepliaklqana.
             Slain by a minotaur
             ... wielding a +2 great mace of crushing
              (30 damage)
             ... in a Gauntlet.
             The game lasted 00:53:10 (19774 turns).

seriously the Spear-Bearer (Merfolk Gladiator)     Turns: 19774, Time: 00:53:11

Health: -3/126     AC: 13    Str: 22    XL:     12   Next: 72%
Magic:  17/18      EV:  9    Int:  8    God:    Hepliaklqana [***...]
Gold:   930        SH:  0    Dex: 15    Spells: 11/11 levels left

rFire    . . .     SeeInvis .   W - +4 trident (vamp)
rCold    . . .     Gourm    +   (no shield)
rNeg     . . .     Faith    .   i - +0 plate armour
rPois    .         Spirit   .   (helmet restricted)
rElec    .         Reflect  .   u - +2 cloak {+Inv}
rCorr    .         Harm     .   (no gloves)
MR       ++...     Clarity  +   (no boots) Stlth ..........NoTele +
                                S - amulet of the gourmand
HPRegen  0.31/turn              V - ring of protection from magic
MPRegen  0.16/turn              N - ring "Giyfyg" {MR+ Stlth+}

@: berserking (expiring), very slightly contaminated, lightly drained,
invisible, very quick
A: change form in water, swift swim, stealthy swim, reduced essence, antennae 1,
clarity, deformed body, weak 1
a: Recall Ancestor, Ancestor Identity, Transference, Renounce Religion


You were in a Gauntlet.
You worshipped Hepliaklqana.
Hepliaklqana was most pleased with you.
You were full.

You visited 2 branches of the dungeon, and saw 13 of its levels.
You also visited: Gauntlet.

You collected 930 gold pieces.

Inventory:

Hand Weapons
 a - a +0 trident
 y - a +0 scimitar of flaming
 L - a +3 halberd of protection
 W - a +4 vampiric trident (weapon)
Missiles
 k - 6 javelins
 v - 6 boomerangs
 B - a throwing net
 R - 10 poisoned darts
 T - 4 datura-tipped darts
 U - a silver javelin (quivered)
Armour
 c - a +0 helmet
 d - a +2 ring mail of fire resistance
 i - a +0 plate armour (worn)
 t - a scarf of spirit shield
 u - a +2 cloak of invisibility (worn)
 x - a +0 scale mail of magic resistance
 E - a +0 chain mail
 K - a +2 robe of resistance
 Q - a scarf of spirit shield
Jewellery
 C - an uncursed ring of ice
 N - the ring "Giyfyg" (right hand) {MR+ Stlth+}
   (You found it in a Gauntlet)

   [ring of stealth]

   It affects your resistance to hostile enchantments.
   It makes you more stealthy.
 P - the amulet "Ciukimoq" {Gourm rC+ Dex+3, unknown}
   (You found it in a Gauntlet)

   [amulet of the gourmand]

   It allows you to eat raw meat even when not hungry.
   It affects your dexterity (+3).
   It protects you from cold.
 S - an amulet of the gourmand (around neck)
 V - a ring of protection from magic (left hand)
Wands
 q - a wand of digging (8)
 s - a wand of disintegration (13)
 A - a wand of polymorph (10)
 F - a wand of enslavement (10)
 I - a wand of flame (11)
 M - a wand of random effects (42)
Scrolls
 b - a scroll of blinking {unknown}
 e - 10 scrolls of remove curse
 h - 6 scrolls of teleportation
 j - 3 scrolls of enchant armour
 p - a scroll of immolation
 D - a scroll of summoning
 O - 2 scrolls of fear
Potions
 g - 3 potions of flight
 l - a potion of cancellation
 m - 5 potions of curing
 n - 3 potions of ambrosia
 o - a potion of agility
 r - 5 potions of brilliance
 w - 5 potions of lignification
 G - 2 potions of haste
 H - 2 potions of magic
Miscellaneous
 J - a sack of spiders
Comestibles
 f - 19 rations


   Skills:
 + Level 8.4(8.2) Fighting
 + Level 14.0(13.8) Polearms
 - Level 6.1(6.0) Throwing
 * Level 10.3(10.1) Armour
 - Level 4.0(3.8) Dodging
 * Level 8.3(8.1) Evocations


You had 11 spell levels left.
You didn't know any spells.
Your spell library contained the following spells:

 Spells                   Type           Power        Failure   Level  Hunger
 Corona                   Hex            #......      99%         1    ##.....
 Summon Small Mammal      Summ           #...         99%         1    ##.....
 Call Imp                 Summ           #.......     100%        2    ###....
 Ensorcelled Hibernation  Hex/Ice        #.....       100%        2    ###....
 Call Canine Familiar     Summ           #.......     100%        3    ####...
 Confuse                  Hex            #.......     100%        3    ####...
 Dazzling Spray           Conj/Hex       #.....       100%        3    ####...
 Summon Guardian Golem    Hex/Summ       #.......     100%        3    ####...
 Tukima's Dance           Hex            #.......     100%        3    ####...
 Summon Ice Beast         Ice/Summ       #.......     100%        4    #####..
 Summon Lightning Spire   Summ/Air       #.......     100%        4    #####..
 Bolt of Magma            Conj/Fire/Erth #.........   100%        5    ######.
 Iskenderun's Battlesphe  Conj/Chrm      #.......     100%        5    ######.
 Venom Bolt               Conj/Pois      #.........   100%        5    ######.
 Iron Shot                Conj/Erth      #.........   100%        6    #######
 Orb of Destruction       Conj           #.........   100%        7    #######
 Spellforged Servitor     Conj/Summ      #.........   100%        7    #######


Dungeon Overview and Level Annotations

Branches:
Dungeon (12/15)            Temple (1/1) D:6            Lair (0/6) D:8
Gauntlet (1/1)
    Orc: D:9-12

Altars:
Ashenzari
Cheibriados
Dithmenos
Elyvilon
Fedhas
Gozag
Hepliaklqana
Kikubaaqudgha
Makhleb
Nemelex Xobeh
Okawaru
Qazlal
Ru
Sif Muna
Trog
Uskayaw
Vehumet
Wu Jian
Xom
Yredelemnul
Zin
The Shining One
Lugonu

Shops:
D:6 [

Annotations:
D:4 exclusion: downstairs
D:8 exclusion: downstairs
D:10 exclusion: downstairs Gauntlet 6 transporters


Innate Abilities, Weirdness & Mutations

You revert to your normal form in water.
You are very nimble and swift while swimming.
You are very stealthy in the water. (Stealth+)
Your life essence is reduced to manifest your ancestor. (-10% HP)
You have a pair of small antennae on your head.
You possess an exceptional clarity of mind.
Armour fits poorly on your strangely shaped body.
You are weak. (Str -2)


Message History

You feel yourself moving faster!
You feel mighty!
The minotaur hits you with a +2 great mace of crushing!!
* * * LOW HITPOINT WARNING * * *
x2 The minotaur gores you but does no damage.
Shiptu hits the minotaur but does no damage.
You puncture the minotaur!
You feel better.
The minotaur is lightly wounded.
You barely miss the minotaur.
The minotaur is lightly wounded.
Shiptu hits the minotaur but does no damage.
You barely miss the minotaur.
The minotaur is lightly wounded.
The minotaur barely misses you. The minotaur gores you.
* * * LOW HITPOINT WARNING * * *
You hit the minotaur but do no damage.
The minotaur is lightly wounded.
You puncture the minotaur!
The minotaur is moderately wounded.
The minotaur hits you with a +2 great mace of crushing!!
You die...

###########..#8#
#.........#..###
#.........#..#
#.........#..#####
#........(#..#≈8≈#
#....©...©#..#...### ###
#........)#..#.8.......
#.........#..#..H###.##.##
#........u#..#.8@R......8#
#........u#..#..(#.#.....#
###########..#...#.# #####
............≈#.©.#...#
............∩#...###.'..
............≈#.©.# .#8.8[
###########..#...# # ###
#..#.....4#..#...#
#...#....2#..#.8...


You could see the friendly Shiptu the hexer, a minotaur, 2 ugly things and a
hellwing.

Vanquished Creatures
  A hydra (D:11)
  3 two-headed ogres (D:10)
  Erica (D:11)
  2 tengu warriors
  Urug (D:10)
  2 glowing orange brains (Gauntlet)
  A deep elf mage (D:11)
  A cyclops (D:11)
  A manticore (D:11)
  2 tengu conjurers
  A troll (D:11)
  A hornet (D:11)
  3 hippogriffs (D:8)
  10 yaks
  2 hungry ghosts
  Menkaure (D:4)
  2 acid dragons (D:11)
  A water moccasin (D:7)
  An ice beast (D:7)
  3 phantoms
  2 orc warriors
  A black bear (D:10)
  5 ogres
  A crocodile (D:9)
  2 centaurs (D:10)
  2 wolves (D:9)
  2 big kobolds (D:11)
  Blork the orc (D:6)
  2 gnoll sergeants
  6 bullfrogs
  2 scorpions
  8 wights
  4 killer bees (D:8)
  5 howler monkeys
  A bullfrog zombie (D:8)
  4 crimson imps
  A centaur zombie (D:5)
  3 jellies
  2 quasits (D:9)
  5 hounds
  2 bullfrog skeletons
  3 centaur skeletons
  6 orc priests
  14 orc wizards
  Crazy Yiuf (D:3)
  2 hexers
  3 iguanas
  5 worker ants
  A hound skeleton (D:11)
  A howler monkey zombie (D:8)
  6 gnolls
  11 adders
  2 shadow imps
  An adder skeleton (D:7)
  6 worms
  3 dart slugs
  3 leopard geckos
  45 orcs
  9 giant cockroaches
  4 hobgoblins
  4 jackals
  5 quokkas
  A ball python (D:4)
  6 bats
  4 frilled lizards
  4 goblins
  4 kobolds
  An orc zombie (D:12)
  6 rats
262 creatures vanquished.

Vanquished Creatures (collateral kills)
  An ogre mage (D:11)
  A two-headed ogre (D:9)
  An ugly thing (D:11)
  A tengu conjurer (Gauntlet)
  2 hippogriffs
  A slime creature (D:11)
  4 yaks (D:10)
  Grum (D:10)
  An orc warrior (D:8)
  A phantom (D:9)
  3 centaurs
  An ogre (D:6)
  4 wights
  A bullfrog zombie (D:11)
  A centaur skeleton (D:11)
  A hound (D:10)
  An orc wizard (D:7)
  A bullfrog skeleton (D:10)
  A jelly (D:7)
  A gnoll (D:11)
  A shadow imp (D:9)
  6 orcs
  2 jackals (D:7)
  2 quokkas
  2 kobolds (D:11)
42 creatures vanquished.

Vanquished Creatures (others)
  11 hexers
  5 ancestors
  An orc (D:11)
  4 demonic plants (Gauntlet)
  2 plants (D:12)
23 creatures vanquished.

Grand Total: 327 creatures vanquished

Notes
Turn   | Place    | Note
-------+----------+-------------------------------------------
     0 | D:1      | seriously the Merfolk Gladiator began the quest for the
                  | Orb.
     0 | D:1      | Reached XP level 1. HP: 16/16 MP: 1/1
   635 | D:1      | Reached XP level 2. HP: 22/22 MP: 2/2
   649 | D:1      | Reached skill level 5 in Polearms
   959 | D:1      | Found a glowing golden altar of the Shining One.
  1206 | D:2      | Reached XP level 3. HP: 26/27 MP: 3/3
  1451 | D:2      | Reached skill level 6 in Polearms
  1653 | D:2      | Reached XP level 4. HP: 34/34 MP: 4/4
  1656 | D:2      | Reached skill level 1 in Armour
  1952 | D:3      | Found a shadowy altar of Dithmenos.
  1953 | D:3      | Found an opulent altar of Gozag.
  1959 | D:3      | Found a shimmering blue altar of Sif Muna.
  2624 | D:3      | Reached skill level 7 in Polearms
  2624 | D:3      | Reached XP level 5. HP: 36/39 MP: 5/5
  2675 | D:3      | Found a runed translucent door.
  2676 | D:3      | Noticed Crazy Yiuf
  2974 | D:3      | Killed Crazy Yiuf
  3250 | D:4      | Reached XP level 6. HP: 46/46 MP: 6/6
  3293 | D:4      | Reached skill level 1 in Evocations
  3303 | D:4      | Reached skill level 8 in Polearms
  3656 | D:4      | Gained mutation: You have a somewhat thin skeletal
                  | structure. (Dex +2, Stealth) [potion of mutation]
  3656 | D:4      | Gained mutation: You occasionally shout uncontrollably at
                  | your foes. [potion of mutation]
  3656 | D:4      | Gained mutation: You are frail. (-10% HP) [potion of
                  | mutation]
  3656 | D:4      | Gained mutation: Your mind is acute. (Int +2) [potion of
                  | mutation]
  3682 | D:4      | Noticed Menkaure
  3689 | D:4      | Killed Menkaure
  3689 | D:4      | Reached XP level 7. HP: 24/46 MP: 8/8
  4240 | D:5      | Entered Level 5 of the Dungeon
  4287 | D:5      | Reached skill level 9 in Polearms
  5337 | D:3      | Reached XP level 8. HP: 49/52 MP: 10/10
  5488 | D:5      | Reached skill level 10 in Polearms
  6169 | D:6      | Found a staircase to the Ecumenical Temple.
  6218 | D:6      | Got a distressingly furry cloak
  6229 | D:6      | Identified the -7 cloak "Pehamug" {*Corrode rN++ MP-9
                  | Dex+3} (You found it on level 6 of the Dungeon)
  6258 | Temple   | Entered the Ecumenical Temple
  6450 | Temple   | Became a worshipper of Hepliaklqana the Forgotten
  6541 | D:6      | Found Ocaothrir's Armour Boutique.
  6638 | D:6      | Noticed Blork the orc
  6670 | D:6      | Killed Blork the orc
  7050 | D:6      | Reached XP level 9. HP: 52/52 MP: 11/11
  7310 | D:7      | Reached * piety under Hepliaklqana
  7384 | D:7      | Lost mutation: You occasionally shout uncontrollably at
                  | your foes. [potion of mutation]
  7384 | D:7      | Lost mutation: You have a somewhat thin skeletal structure.
                  | (Dex +2, Stealth) [potion of mutation]
  7384 | D:7      | Lost mutation: You are frail. (-10% HP) [potion of
                  | mutation]
  7384 | D:7      | Lost mutation: Your mind is acute. (Int +2) [potion of
                  | mutation]
  7384 | D:7      | Gained mutation: You have a pair of small antennae on your
                  | head. [potion of mutation]
  7384 | D:7      | Gained mutation: Armour fits poorly on your strangely
                  | shaped body. [potion of mutation]
  7384 | D:7      | Gained mutation: You possess an exceptional clarity of
                  | mind. [potion of mutation]
  7409 | D:7      | Reached skill level 11 in Polearms
  7493 | D:7      | Reached skill level 5 in Armour
  8416 | D:8      | Reached skill level 5 in Fighting
  8712 | D:8      | Found a staircase to the Lair.
  8959 | D:8      | Reached skill level 5 in Evocations
  9420 | D:8      | Reached ** piety under Hepliaklqana
  9421 | D:8      | Remembered your ancestor Shiptu as a hexer
  9474 | D:8      | Reached XP level 10. HP: 16/66 MP: 12/14
  9821 | D:8      | Reached skill level 12 in Polearms
 11064 | D:9      | Noticed a two-headed ogre
 11127 | D:9      | Killed a two-headed ogre
 11774 | D:9      | Found a shattered altar of Ashenzari.
 12278 | D:10     | Entered Level 10 of the Dungeon
 12282 | D:10     | Noticed Grum
 12539 | D:10     | Killed Grum
 12615 | D:10     | Noticed a two-headed ogre
 12635 | D:10     | Killed a two-headed ogre
 12899 | D:10     | Noticed a two-headed ogre
 12926 | D:10     | Identified the +4 mace of the Mushroom {crush, Str+2
                  | Stlth+}
 12932 | D:10     | Killed a two-headed ogre
 12932 | D:10     | Reached XP level 11. HP: 74/74 MP: 15/15
 12938 | D:10     | Reached skill level 5 in Throwing
 13033 | D:10     | Reached *** piety under Hepliaklqana
 13162 | D:10     | Noticed Urug
 13312 | D:10     | Killed Urug
 13500 | D:10     | Noticed a two-headed ogre
 13524 | D:10     | Killed a two-headed ogre
 14644 | D:11     | Reached skill level 13 in Polearms
 15260 | D:11     | Paralysed by a hornet for 2 turns
 15460 | D:11     | Noticed a manticore
 15477 | D:11     | Killed a manticore
 15562 | D:11     | Noticed a cyclops
 15562 | D:11     | Noticed a seven-headed hydra
 15562 | D:11     | Noticed a deep elf mage
 15706 | D:11     | Killed a cyclops
 15793 | D:11     | Killed a deep elf mage
 16194 | D:11     | Noticed a tengu warrior
 16292 | D:11     | Killed a tengu warrior
 16292 | D:11     | Reached XP level 12. HP: 56/82 MP: 17/17
 16565 | D:11     | Noticed Erica
 16706 | D:11     | Killed Erica
 17084 | D:11     | Noticed a six-headed hydra
 17094 | D:11     | Killed a six-headed hydra
 17402 | D:11     | Noticed an ice dragon
 17838 | D:11     | Noticed an ogre mage
 17857 | D:11     | Killed an ogre mage
 18164 | D:11     | Found a white marble altar of Elyvilon.
 18412 | D:12     | Reached skill level 10 in Armour
 18412 | D:12     | Noticed a death knight
 18422 | D:12     | Found a gate leading to a gauntlet.
 18422 | D:12     | Found a corrupted altar of Lugonu.
 18441 | Gauntlet | Entered a Gauntlet
 18441 | Gauntlet | Found a transporter.
 18441 | Gauntlet | Found a transporter.
 18441 | Gauntlet | Noticed a tengu warrior
 18743 | Gauntlet | Found a transporter.
 18743 | Gauntlet | Found a transporter.
 18746 | Gauntlet | Found a transporter.
 18746 | Gauntlet | Found a transporter.
 18760 | Gauntlet | Found a transporter.
 18761 | Gauntlet | Found a transporter.
 18763 | Gauntlet | Noticed a queen ant
 18770 | Gauntlet | Found a transporter.
 18872 | Gauntlet | Found a transporter.
 18876 | Gauntlet | Found a transporter.
 18884 | Gauntlet | Noticed a reaper
 18888 | Gauntlet | Found a transporter.
 18983 | Gauntlet | Killed a tengu warrior
 18995 | Gauntlet | Got a bound lead ring
 19116 | Gauntlet | Identified the ring "Giyfyg" {MR+ Stlth+} (You found it in
                  | a Gauntlet)
 19312 | Gauntlet | Noticed a queen ant
 19312 | Gauntlet | Got a scorched diamond amulet
 19329 | Gauntlet | Reached skill level 14 in Polearms
 19338 | Gauntlet | Gained mutation: You are weak. (Str -2) [mutagenic glow]
 19755 | Gauntlet | Noticed a minotaur
 19774 | Gauntlet | Slain by a minotaur

Levels and vault maps discovered:
D:1:      dpeg_arrival_round_a, layout_basic, tso_altar
D:2:      layout_loops_ring, first_ration
D:3:      layout_basic, grunt_temple_overflow_open, uniq_crazy_yiuf_cottage
D:4:      layout_loops_corners, minivault_27, uniq_menkaure
D:5:      layout_rooms
D:6:      layout_basic, minmay_temple_entry_sparse_star, serial_shops, shop,
          uniq_blork_the_orc
D:7:      layout_loops_ring
D:8:      layout_layer_cave, lair_entry_dummy
D:9:      layout_loops_corners, ashenzari_conservatory_becter
D:10:     layout_long_grid, uniq_urug, uniq_grum
D:11:     minmay_the_grid_plus_closed [minmay_the_grid_spikes,
          minmay_the_grid_gridbox, minmay_the_grid_expand,
          minmay_the_grid_dragon_b, minmay_the_grid_prize_big_room],
          layout_grid_maze, basic_altar, uniq_erica
D:12:     layout_basic, zombieorc1_lemuel, enter_bailey_8,
          gauntlet_entry_generic, grunt_tengu_nest, tgw_lugonu_bribe
Temple:   dpeg_five_rooms_temple
Gauntlet: gammafunk_gauntlet_hard_choice [gammafunk_gauntlet_arena_hedges,
          nicolae_gauntlet_arena_quarters, nicolae_gauntlet_arena_x,
          gammafunk_gauntlet_arena_chambers, nicolae_gauntlet_swirl,
          gammafunk_gauntlet_arena_open, nicolae_gauntlet_exit_dead_adventurers]

Skill      XL: |  1  2  3  4  5  6  7  8  9 10 11 12 |
---------------+-------------------------------------+-----
Polearms       | 5 6 7 8 9 10 11 12 13 14 | 14.0
Armour         | 1 2 3 4 6 7 9 10 | 10.3
Evocations     | 1 2 3 5 6 7 8 |  8.3
Fighting       | 3 4 5 6 7 8 |  8.4
Throwing       | 3 4 6 |  6.1
Dodging        | |  4.0

Action                   |  1- 3 |  4- 6 |  7- 9 | 10-12 || total
-------------------------+-------+-------+-------+-------++-------
Melee: Trident           |   124 |   210 |   120 |   160 ||   614
       Spear             |       |       |   430 |   737 ||  1167
Throw: Throwing net      |       |     2 |     3 |       ||     5
       Boomerang         |       |       |    30 |    11 ||    41
       Dart              |       |       |       |   102 ||   102
       Javelin           |       |       |       |     6 ||     6
Invok: Ancestor Life: He |       |       |     1 |       ||     1
       Recall Ancestor   |       |       |       |     3 ||     3
 Abil: Evoke Invisibilit |       |       |       |     7 ||     7
Evoke: Wand              |       |       |     2 |       ||     2
  Use: Scroll            |       |     7 |     5 |    17 ||    29
       Potion            |       |     1 |     1 |     9 ||    11
 Stab: Held in net/web   |       |     3 |     3 |       ||     6
       Distracted        |       |       |     3 |     8 ||    11
       Confused          |       |       |       |    19 ||    19
       Invisible         |       |       |       |     2 ||     2
  Eat: Chunk             |     2 |     7 |    16 |    45 ||    70
       Ration            |       |       |     1 |       ||     1
Armor: Leather armour    |    10 |       |       |       ||    10
       Ring mail         |    13 |    50 |       |       ||    63
       Scale mail        |       |       |    37 |       ||    37
       Chain mail        |       |       |    68 |    81 ||   149
       Plate armour      |       |       |       |   109 ||   109
Dodge: Dodged            |    68 |    75 |   156 |   177 ||   476
